 Dungeon Crawl Stone Soup version 0.30.1-11-g7821555f0a (webtiles) character file.

Game seed: 3834868660397832420

81 bigdickrandy the Insei (level 4, -4/35 HPs)
             Began as a Draconian Transmuter on Oct 20, 2023.
             Slain by Sigmund
             ... wielding a +0 scythe
              (7 damage)
             ... on level 2 of the Dungeon on Jan 18, 2024.
             The game lasted 00:12:13 (1870 turns).

bigdickrandy the Insei (Draconian Transmuter)       Turns: 1870, Time: 00:12:13

Health: -4/35      AC:  6    Str: 11 (13) XL:     4   Next: 20%
Magic:  7/7        EV: 12    Int: 12 (13) God:
Gold:   38         SH:  5    Dex: 12 (13) Spells: 1/7 levels left

rFire   . . .        b - +0 dagger
rCold   . . .        j - +2 buckler
rNeg    . . .        (body armour unavailable)
rPois   .            (helmet restricted)
rElec   .            (no cloak)
rCorr   .            (no gloves)
SInv    .            h - +0 pair of boots
Will    .....        (no amulet)
Stlth   +            (no ring)
HPRegen 0.25/turn    (no ring)
MPRegen 0.10/turn

%: no passive effects
@: no status effects
A: AC +5, unfitting armour, cold-blooded
a: no special abilities


You were on level 2 of the Dungeon.
You visited 1 branch of the dungeon, and saw 2 of its levels.

You collected 38 gold pieces.

Inventory:

Hand Weapons
 b - a +0 dagger (weapon)
Armour
 h - a +0 pair of boots (worn)
 j - a +2 buckler (worn)
Scrolls
 e - a scroll of teleportation
 f - a scroll of enchant weapon
 g - a scroll of fog
 i - a scroll of amnesia {unknown}
Potions
 k - a potion of degeneration


   Skills:
 + Level 1.6 Fighting
 - Level 0.4 Short Blades
 + Level 2.7 Dodging
 + Level 3.7 Unarmed Combat
 + Level 2.2 Spellcasting
 * Level 2.5 Transmutations


You had one spell level left.
You knew the following spells:

 Your Spells              Type           Power      Damage    Failure   Level
a - Beastly Appendage     Tmut           14%        N/A       14%         1
b - Wereblood             Tmut           7%         N/A       21%         2
c - Spider Form           Tmut/Pois      4%         N/A       56%         3

Your spell library contained the following spells:

 Spells                   Type           Power      Damage    Failure   Level
 Magic Dart               Conj           4%         1d3       36%         1
 Searing Ray              Conj           2%         2d4       52%         2
 Ice Form                 Ice/Tmut       4%         N/A       92%         4
 Fulminant Prism          Conj/Hex       0%         3d5       98%         4


Dungeon Overview and Level Annotations

Branches:
Dungeon (2/15)

Altars:

Annotations:
D:2 Sigmund


Innate Abilities, Weirdness & Mutations

Your plain brown scales are hard. (AC +5)
You cannot fit into any form of body armour.
You are cold-blooded and may be slowed by cold attacks.


Message History

You block something's attack. Something hits you but does no damage.
Something hits you but does no damage. Something hits you but does no damage.
Your transformation is almost over.
Something hits you but does no damage.
You hear some strange, mumbled words.
A magic dart appears from out of thin air!
The magic dart hits you but does no damage.
You block something's attack. Something hits you!
* * * LOW HITPOINT WARNING * * *
Something hits you but does no damage. Something hits you but does no damage.
You hear some strange, mumbled words.
A puff of flame appears from out of thin air!
The puff of flame hits you but does no damage.
You feel less wooden.
Your +0 pair of boots unmelds from your body.
Something hits you.
* * * LOW HITPOINT WARNING * * *
You closely miss something.
Sigmund appears from thin air!
Reactivating autopickup.
You hit Sigmund.
Sigmund is heavily wounded.
Sigmund barely misses you.
You barely miss Sigmund.
Sigmund is heavily wounded.
Sigmund hits you but does no damage.
You hit Sigmund but do no damage.
Sigmund is heavily wounded.
You hit Sigmund.
Sigmund is heavily wounded.
Sigmund casts a spell at you. The puff of flame hits you.
* * * LOW HITPOINT WARNING * * *
You hit Sigmund but do no damage.
Sigmund is heavily wounded.
Sigmund hits you with a +0 scythe!
You die...

#.#########.########### #†##.
####..g......†...........# #.##.
...............#########.####.##.
.................................
.#############.######.##.####.##.
.# #............##.####.##.
'#########............##......##.
.........#....................##.
.....(...#.....@@...[.##########.
.........#............# #.
#########.............# ##
#.......>.....# ########
#.............# #......#
#.............# #......#
#.............###......##
#........................
#....############.#######


You could see Sigmund.

Vanquished Creatures
  Robin (D:2)
  An adder (D:2)
  2 dart slugs (D:1)
  4 ball pythons
  3 bats
  6 endoplasms
  2 giant cockroaches (D:2)
  9 goblins
  7 hobgoblins
  5 kobolds
  3 quokkas
  3 frilled lizards
  6 rats
52 creatures vanquished.

Notes
Turn   | Place    | Note
-------+----------+-------------------------------------------
     0 | D:1      | bigdickrandy the Draconian Transmuter began the quest for
                  | the Orb.
     0 | D:1      | Reached XP level 1. HP: 16/16 MP: 3/3
   165 | D:1      | Reached XP level 2. HP: 22/23 MP: 3/5
   168 | D:1      | Learned a level 2 spell: Wereblood
   671 | D:1      | Reached XP level 3. HP: 18/28 MP: 6/6
  1012 | D:2      | Learned a level 3 spell: Spider Form
  1205 | D:2      | Upgraded the game from 0.30.1-9-gdf580d7c3d to
                  | 0.30.1-11-g7821555f0a
  1321 | D:2      | Noticed Robin
  1352 | D:2      | Killed Robin
  1353 | D:2      | Reached XP level 4. HP: 18/35 MP: 7/7
  1715 | D:2      | Noticed Sigmund
  1870 | D:2      | Slain by Sigmund

Illustrated notes

Levels and vault maps discovered:
D:1:      lemuel_arrival_behind_the_door_small, layout_loops_ring,
          minmay_tetromino_o2
D:2:      layout_basic, minmay_misc_feat_pillars, uniq_robin, uniq_sigmund

Skill      XL: |  1 |
---------------+----+-----
Dodging        | 2 |  2.7
Fighting       | |  1.6
Short Blades   | |  0.4
Unarmed Combat | |  3.7
Spellcasting   | |  2.2
Transmutations | |  2.5

Action                     |  1- 3 |  4- 6 || total
---------------------------+-------+-------++-------
  Melee: Unarmed           |    18 |       ||    18
         Dagger            |   138 |    38 ||   176
         Kick              |    12 |     2 ||    14
         Headbutt          |    14 |     4 ||    18
         Tailslap          |    19 |     3 ||    22
         Punch             |     4 |       ||     4
   Cast: Beastly Appendage |    19 |     3 ||    22
    Use: Potion            |       |     4 ||     4
         Scroll            |       |     3 ||     3
   Stab: Sleeping          |       |     1 ||     1
 Armour: Skin              |    45 |    39 ||    84
  Dodge: Dodged            |    94 |    12 ||   106
  Block: Buckler           |       |    10 ||    10
